 Dungeon Crawl Stone Soup version 0.20-a0-556-g892c87b (webtiles) character file.

167096 kroki the Severer (level 17, -1/158 HPs)
             Began as a Grey Draconian Berserker on Feb 5, 2017.
             Was the Champion of Trog.
             Slain by the 26-headed Lernaean hydra (3 damage)
             ... on level 4 of the Swamp.
             The game lasted 00:37:19 (38562 turns).

kroki the Severer (Grey Draconian Berserker)       Turns: 38562, Time: 00:37:20

Health: -1/158     AC: 24    Str: 25    XL:     17   Next: 31%
Magic:  17/17      EV: 35    Int:  4    God:    Trog [******]
Gold:   2272       SH:  0    Dex: 25    Spells: 16/16 levels left

rFire    + . .     SeeInvis +   R - +9 battleaxe (vamp) {!w}
rCold    + + .     Gourm    .   (armour unavailable)
rNeg     . . .     Faith    +   (shield currently unavailable)
rPois    +         Spirit   .   N - +1 hat of Feah {rPois rC+ MR+}
rElec    .         Reflect  .   c - +2 cloak
rCorr    .         Harm     .   Y - +2 pair of gloves {Str+3}
MR       +++++                  m - +2 pair of boots
Stlth    +++.......             k - amulet of faith {Faith, !P}
Regen    1.4/turn               x - ring of Fymal {rF+ Int-3 Dex+4 SInv}
                                l - ring "Tuomewadu" {rPois rC+ MR+ EV+3}

@: agile, exhausted, very slightly contaminated, regenerating, hasted,
invisible, very quick
A: walk through water, unfitting armour, stinger 1, unbreathing, cold-blooded,
AC +14
a: Berserk, Trog's Hand, Brothers in Arms, Burn Spellbooks, Renounce Religion


You were on level 4 of the Swamp.
You worshipped Trog.
Trog was exalted by your worship.
You were very full.

You visited 4 branches of the dungeon, and saw 27 of its levels.
You also visited: Labyrinth, Trove, Sewer, Ossuary, Ice Cave and Volcano.

You collected 3489 gold pieces.
You spent 1217 gold pieces at shops.

Inventory:

Hand Weapons
 R - a +9 vampiric battleaxe (weapon) {!w}
   (You acquired it on level 4 of the Lair of Beasts)
 S - the +7 executioner's axe of Supply {drain, rN+}
   (Trog gifted it to you on level 4 of the Swamp)

   A truly terrible weapon, it drains the life of those it strikes.
   It protects you from negative energy.
Missiles
 u - 3 throwing nets {=f, !d}
Armour
 c - a +2 cloak (worn)
   (You found it on level 2 of the Dungeon)
 m - a +2 pair of boots (worn)
   (You found it on level 1 of the Dungeon)
 E - the +3 warlock's mirror {reflect}
   (You found it on level 6 of the Lair of Beasts)
 G - the +0 shield of Vann {rElec rC+++ Int-4 Stlth+}
   (You found it on level 4 of the Swamp)

   It affects your intelligence (-4).
   It renders you almost immune to cold.
   It insulates you from electricity.
   It makes you more stealthy.
 N - the +1 hat of Feah (worn) {rPois rC+ MR+}
   (You acquired it on level 3 of the Swamp)

   It protects you from cold.
   It protects you from poison.
   It affects your resistance to hostile enchantments.
 Y - a +2 pair of gloves of strength (worn)
   (You found it on level 6 of the Lair of Beasts)
Jewellery
 g - an uncursed ring of protection from magic {MR+, !d}
   (You found it on level 8 of the Dungeon)
 k - an amulet of faith (around neck) {Faith, !P}
   (You found it in a treasure trove)
 l - the ring "Tuomewadu" (left hand) {rPois rC+ MR+ EV+3}
   (You found it in a treasure trove)

   [ring of evasion]

   It affects your evasion (+3).
   It protects you from cold.
   It protects you from poison.
   It affects your resistance to hostile enchantments.
 t - a +5 amulet of reflection
   (You found it in a treasure trove)
 x - the ring of Fymal (right hand) {rF+ Int-3 Dex+4 SInv}
   (You found it in a treasure trove)

   [ring of see invisible]

   It affects your intelligence (-3).
   It affects your dexterity (+4).
   It protects you from fire.
   It lets you see invisible.
 X - an uncursed ring of protection from cold {rC+, !d}
   (You found it in a treasure trove)
Wands
 j - a wand of scattershot (5/9)
   (You found it in a labyrinth)
 J - a wand of scattershot (4/9)
   (You took it off a deep elf mage on level 14 of the Dungeon)
Scrolls
 a - 2 scrolls of enchant armour
 f - 15 scrolls of teleportation
 o - a scroll of magic mapping {!r}
 p - 3 scrolls of blinking {!r}
 v - 4 scrolls of recharging
 y - 2 scrolls of enchant weapon
 B - 7 scrolls of fear
 K - a scroll of silence
 O - 4 scrolls of fog
 P - 8 scrolls of remove curse
Potions
 e - 8 potions of flight
 h - 4 potions of cancellation
 n - a potion of cure mutation {!q}
 q - 8 potions of heal wounds
 r - 2 potions of agility
 s - 4 potions of berserk rage {!q}
 w - 18 potions of curing
 z - 2 potions of lignification {!q}
 A - a potion of invisibility
 D - 8 potions of brilliance
 H - a potion of beneficial mutation
 I - 2 potions of mutation {!q}
 V - 2 potions of magic
Books
 T - a book of Power
   (You found it on level 1 of the Swamp)
Miscellaneous
 i - a fan of gales
   (You found it in a labyrinth)
 M - a lightning rod (inert)
   (You found it in an ice cave)
Comestibles
 b - 3 bread rations {@e1}
 d - 4 meat rations {@e2}
 Q - 11 royal jellies
 Z - 4 fruits


   Skills:
 + Level 15.9 Fighting
 - Level 20.1 Axes
 + Level 14.0 Dodging
 - Level 10.5 Shields


You had 16 spell levels left.
You didn't know any spells.

Dungeon Overview and Level Annotations

Branches:
Dungeon (15/15)            Temple (0/1) D:7            Lair (6/6) D:10
  Swamp (4/4) Lair:4       Spider (0/4) Lair:3        Slime (0/5) Lair:6
    Orc (2/2) D:12            Elf (0/3) Orc:2        Vaults (0/5) D:14
 Depths (0/5) D:15

Altars:
Cheibriados
Dithmenos
Hepliaklqana
Kikubaaqudgha
Nemelex Xobeh
Okawaru
Sif Muna
Uskayaw
Xom
Yredelemnul
Zin

Shops:
D:12 ?   D:14 (   Orc:2 }[[[

Annotations:
Swamp:2 exclusion: hydra
Swamp:4 Lernaean hydra


Innate Abilities, Weirdness & Mutations

You can walk through water.
Your dull iron-grey scales are very hard. (AC +14)
You cannot fit into any form of body armour.
You can survive without breathing.
You are cold-blooded and may be slowed by cold attacks.
Your tail ends in a poisonous barb.


Message History

The 26-headed Lernaean hydra bites you but does no damage.
The 26-headed Lernaean hydra misses you.
The 26-headed Lernaean hydra completely misses you.
The 26-headed Lernaean hydra bites you but does no damage.
The 26-headed Lernaean hydra barely misses you.
The swamp drake closely misses you.
Unknown command.
Really read
p - 4 scrolls of blinking {!r}?
Blink to where?
As you read the scroll of blinking {!r}, it crumbles to dust.
Your skin crawls.
You feel resistant to hostile enchantments.
You feel somewhat less full.
Unknown command.
You enter the shallow water.
Moving in this stuff is going to be slow. ...and don't expect to remain undetected.
Aim: the 26-headed Lernaean hydra (heavily wounded)
The thunderbolt hits the 26-headed Lernaean hydra.
The thunderbolt hits the tyrant leech.
Aim: the 26-headed Lernaean hydra (severely wounded)
The thunderbolt hits the 26-headed Lernaean hydra.
You feel the effects of Trog's Hand fading.
You hear a roar!
You hear a deafening roar!
The swamp drake breathes noxious fumes at you.
The noxious blast engulfs the 13-headed hydra.
The 13-headed hydra appears unharmed.
Aim: the 26-headed Lernaean hydra (noxious fumes, severely wounded)
The thunderbolt hits the 26-headed Lernaean hydra.
The thunderbolt hits the swamp drake.
You kill the swamp drake!
Trog accepts your kill.
The thunderbolt hits the 13-headed hydra.
The thunderbolt hits the tyrant leech.
You hear a deafening roar!
The 13-headed hydra bites you but does no damage. x2
The 13-headed hydra misses you.
The 13-headed hydra bites you but does no damage.
The 13-headed hydra completely misses you. x9
The 26-headed Lernaean hydra completely misses you.
The 26-headed Lernaean hydra bites you but does no damage.
The 26-headed Lernaean hydra completely misses you.
The 26-headed Lernaean hydra bites you but does no damage. x2
The 26-headed Lernaean hydra completely misses you.
The 26-headed Lernaean hydra bites you!
* * * LOW HITPOINT WARNING * * *
The 26-headed Lernaean hydra completely misses you.
The 26-headed Lernaean hydra bites you.
* * * LOW HITPOINT WARNING * * *
The 26-headed Lernaean hydra closely misses you.
The 26-headed Lernaean hydra bites you but does no damage.
The 26-headed Lernaean hydra bites you.
* * * LOW HITPOINT WARNING * * *
The 26-headed Lernaean hydra completely misses you. x2
The 26-headed Lernaean hydra misses you.
The 26-headed Lernaean hydra completely misses you.
The 26-headed Lernaean hydra bites you.
* * * LOW HITPOINT WARNING * * *
The 26-headed Lernaean hydra misses you.
The 26-headed Lernaean hydra bites you but does no damage.
The 26-headed Lernaean hydra misses you.
The 26-headed Lernaean hydra bites you!
* * * LOW HITPOINT WARNING * * *
The 26-headed Lernaean hydra misses you.
The 26-headed Lernaean hydra completely misses you. x2
The 26-headed Lernaean hydra bites you but does no damage. x2
Aim: the 26-headed Lernaean hydra (noxious fumes, almost dead)
The thunderbolt hits the 26-headed Lernaean hydra.
The thunderbolt hits the tyrant leech.
You kill the tyrant leech!
Trog accepts your kill.
The lightning rod overheats!
You feel yourself speed up.
You hear a loud, deep croak!
The 13-headed hydra completely misses you. x2
The 13-headed hydra misses you.
The 13-headed hydra completely misses you. x5
The 13-headed hydra closely misses you.
The 13-headed hydra completely misses you. x3
The 13-headed hydra bites you.
* * * LOW HITPOINT WARNING * * *
The 26-headed Lernaean hydra bites you but does no damage.
The 26-headed Lernaean hydra completely misses you. x3
The 26-headed Lernaean hydra bites you but does no damage.
The 26-headed Lernaean hydra completely misses you. x2
The 26-headed Lernaean hydra bites you but does no damage.
The 26-headed Lernaean hydra completely misses you.
The 26-headed Lernaean hydra bites you!
* * * LOW HITPOINT WARNING * * *
The 26-headed Lernaean hydra completely misses you.
The 26-headed Lernaean hydra bites you but does no damage.
The 26-headed Lernaean hydra closely misses you.
The 26-headed Lernaean hydra bites you but does no damage.
The 26-headed Lernaean hydra completely misses you.
The 26-headed Lernaean hydra closely misses you.
The 26-headed Lernaean hydra completely misses you.
The 26-headed Lernaean hydra bites you but does no damage.
The 26-headed Lernaean hydra completely misses you. x2
The 26-headed Lernaean hydra bites you.
You die...

≈≈≈..≈≈≈...♣...♣♣♣♣♣
.≈§.≈≈≈≈≈≈≈...♣♣♣≈≈♣♣ ♣♣
≈≈≈≈≈≈≈≈≈≈≈≈.≈≈.P≈P.♣♣♣♣P♣♣♣
≈≈≈.≈≈≈≈≈≈≈≈≈≈≈†.P≈≈.≈.....♣
≈≈≈.....≈≈≈≈≈≈≈≈....≈≈≈≈≈≈.♣
≈≈≈≈♣..≈≈≈≈≈≈≈≈≈♣♣♣.≈≈≈≈≈≈.♣
≈.♣♣♣♣≈.≈≈≈≈≈.≈.♣ ♣.§≈≈≈≈§.♣
♣...≈≈≈.≈.§♣♣♣♣)†.≈≈≈.♣
♣≈≈♣≈.≈♣♣♣♣@§§♣))≈≈≈≈.♣
≈.♣♣♣♣ ♣DD§§.†≈≈≈≈≈≈
♣§§k≈†≈≈..≈≈≈ ♣♣≈≈≈)≈≈..≈≈≈
♣.†≈†≈..≈≈.≈
.≈.≈$♣≈†.§≈≈≈≈≈.
...≈♣.≈.....≈≈≈≈
..♣♣≈≈≈≈.♣.≈≈≈?♣
≈≈≈≈≈≈.♣....≈≈


You could see the 26-headed Lernaean hydra, a 13-headed hydra and a swamp drake.

Vanquished Creatures
  Frances (Swamp:1)
  2 thorn hunters
  An orc warlord (Orc:2)
  Louise (Swamp:2)
  A very ugly thing (Swamp:3)
  A stone giant (Orc:1)
  The ghost of Voxish the Fighter, a journeyman GrGl of Okawaru (D:12)
  A minotaur (Lab)
  Harold (D:11)
  A rakshasa (D:14)
  Josephine (D:14)
  20 hydras
  5 ghost crabs
  A merfolk avatar (Lair:6)
  4 vault guards (D:14)
  2 centaur warriors
  The ghost of kroki the Cleaver, a novice DrBe of Trog (IceCv)
  12 alligators
  8 death yaks
  7 two-headed ogres
  A tengu warrior (D:15)
  An orc high priest (Orc:1)
  Urug (Lair:5)
  2 skeletal warriors (Volcano)
  3 spriggan druids
  4 unseen horrors
  5 shambling mangroves
  5 swamp dragons
  4 lindwurms
  A harpy (Lair:6)
  Pikel (D:6)
  3 anaconda skeletons (Volcano)
  A wolf spider zombie (D:15)
  A manticore (D:12)
  2 orc sorcerers (Orc:2)
  3 orc knights (Orc:2)
  3 deep elf magi
  A cyclops (D:14)
  18 ugly things
  22 elephants
  3 ice statues (IceCv)
  4 black mambas
  A spiny frog (shapeshifter) (D:15)
  26 spiny frogs
  6 gargoyles
  A guardian serpent (shapeshifter) (D:15)
  A torpor snail (Lair:6)
  16 komodo dragons
  7 rime drakes
  A freezing wraith (D:13)
  3 tengu conjurers (D:15)
  4 polar bears (Lair:6)
  6 tyrant leeches
  3 wind drakes (Lair:6)
  15 hornets
  Grinder (D:3)
  8 trolls
  7 bog bodies
  3 harpy skeletons (Volcano)
  8 blink frogs
  6 dream sheep (Lair:4)
  17 hippogriffs
  18 slime creatures
  2 flying skulls (Volcano)
  8 spriggans
  A yak (shapeshifter) (D:15)
  6 wraiths
  3 water elementals (D:13)
  33 yaks
  6 wyverns
  Grum (Lair:1)
  5 basilisks
  A steam dragon (D:10)
  Menkaure (D:6)
  5 wargs (Orc:2)
  10 vampire mosquitoes
  10 insubstantial wisps
  18 swamp worms
  2 acid dragons
  15 water moccasins
  Duvessa (D:4)
  A black bear (D:10)
  12 swamp drakes
  9 porcupines
  42 orc warriors
  3 sky beasts
  11 ice beasts
  3 phantoms
  A slave (D:6)
  5 boggarts (D:15)
  15 ogres
  19 wolves
  A crocodile (shapeshifter) (D:15)
  12 centaurs
  19 crocodiles
  A gnoll sergeant (D:12)
  9 big kobolds
  An elf zombie (D:5)
  21 bullfrogs
  Dowan (D:4)
  A water moccasin skeleton (D:7)
  5 scorpions
  8 killer bees
  2 spriggan skeletons (Volcano)
  11 wights
  9 howler monkeys
  A troll skeleton (Volcano)
  11 electric eels
  4 crimson imps
  A wyvern simulacrum (D:14)
  2 bullfrog zombies
  A centaur zombie (D:8)
  A quasit (D:9)
  5 hounds
  14 orc priests
  23 jellies
  5 bullfrog skeletons
  5 centaur skeletons
  A human skeleton (D:5)
  4 iguanas
  33 orc wizards
  Terence (D:3)
  7 worker ants
  A killer bee zombie (D:5)
  A centaur simulacrum (D:9)
  2 naga skeletons (Volcano)
  A hound skeleton (D:4)
  8 mummies (Ossuary)
  A howler monkey zombie (D:7)
  9 gnolls
  16 adders
  A river rat (D:4)
  2 shadow imps
  13 oozes
  2 adder zombies (D:9)
  2 adder skeletons
  7 worms
  2 dart slugs
  21 leopard geckos
  89 orcs
  16 ball pythons
  12 giant cockroaches
  11 goblins
  11 hobgoblins
  2 jackals (D:1)
  2 quokkas
  6 bats
  17 frilled lizards
  A giant cockroach zombie (D:6)
  A gnoll zombie (Ossuary)
  A hobgoblin zombie (Ossuary)
  24 kobolds
  2 kobold zombies (Ossuary)
  A leopard gecko skeleton (D:4)
  3 orc skeletons (D:5)
  5 orc zombies
  17 rats
  3 briar patches (Swamp:1)
  14 fungi
  14 plants
1129 creatures vanquished.

Vanquished Creatures (collateral kills)
  2 hydras
  2 death yaks (Lair:4)
  3 elephants
  A black mamba (Lair:4)
  A wind drake (Lair:6)
  5 blink frogs
  7 yaks (Lair:4)
  2 water moccasins
  An ogre (D:14)
  A bullfrog (Lair:4)
25 creatures vanquished.

Vanquished Creatures (others)
  A swamp dragon (Swamp:4)
  A spriggan druid (Swamp:4)
  An orc knight (Orc:2)
  A spiny frog (Swamp:4)
  A blink frog (Swamp:4)
  A flying skull (Volcano)
  2 slaves (D:6)
  3 centaurs (Orc:2)
  An orc wizard (Orc:2)
  An orc (Orc:2)
  A leopard gecko zombie (D:6)
  19 fungi
  30 plants
  11 toadstools (Lair:5)
74 creatures vanquished.

Grand Total: 1228 creatures vanquished

Notes
Turn   | Place    | Note
-------+----------+-------------------------------------------
     0 | D:1      | kroki the Draconian Berserker began the quest for the Orb.
     0 | D:1      | Reached XP level 1. HP: 19/19 MP: 1/1
   167 | D:1      | Reached XP level 2. HP: 26/26 MP: 2/2
   490 | D:1      | Reached skill level 4 in Axes
   687 | D:1      | Reached XP level 3. HP: 31/31 MP: 3/3
  1234 | D:2      | Reached ** piety under Trog
  1438 | D:2      | Found a shimmering altar of Xom.
  1586 | D:2      | Reached skill level 5 in Axes
  1586 | D:2      | Reached XP level 4. HP: 35/38 MP: 4/4
  1821 | D:2      | Noticed a dagger
  1822 | D:2      | Noticed a dagger
  1823 | D:2      | Found a hide-covered altar of Uskayaw.
  2414 | D:3      | Noticed Terence
  2421 | D:3      | Killed Terence
  2467 | D:3      | Reached XP level 5. HP: 43/45 MP: 5/5
  2670 | D:3      | Reached skill level 6 in Axes
  2934 | D:3      | Found a snail-covered altar of Cheibriados.
  3019 | D:3      | Reached *** piety under Trog
  3246 | D:3      | Noticed Grinder
  3267 | D:3      | Paralysed by Grinder for 3 turns
  3273 | D:3      | Killed Grinder
  3273 | D:3      | Reached skill level 7 in Axes
  3273 | D:3      | Reached XP level 6. HP: 51/51 MP: 6/6
  3602 | D:4      | Found a sparkling altar of Nemelex Xobeh.
  3603 | D:4      | Found an ancient bone altar of Kikubaaqudgha.
  3751 | D:4      | Noticed Duvessa
  3751 | D:4      | Noticed Dowan
  3759 | D:4      | Killed Duvessa
  3759 | D:4      | Reached skill level 8 in Axes
  3759 | D:4      | Your scales start taking on a dull iron-grey colour.
  3759 | D:4      | Reached XP level 7. HP: 57/57 MP: 7/7
  3759 | D:4      | Gained mutation: You can survive without breathing. [Grey Draconian growth]
  3763 | D:4      | Killed Dowan
  3869 | D:4      | Found a glowing drain.
  4053 | Sewer    | Entered a sewer
  4193 | Sewer    | Reached skill level 9 in Axes
  4313 | Sewer    | Reached **** piety under Trog
  4997 | D:4      | Reached XP level 8. HP: 63/63 MP: 8/8
  5133 | D:4      | Found an iron altar of Okawaru.
  5373 | D:5      | Entered Level 5 of the Dungeon
  5380 | D:5      | Reached skill level 10 in Axes
  5409 | D:5      | Found a shadowy altar of Dithmenos.
  5501 | D:5      | Found a sand-covered staircase.
  5508 | Ossuary  | Entered an ossuary
  5561 | Ossuary  | Received a gift from Trog
  6295 | D:5      | Reached skill level 11 in Axes
  6714 | D:5      | Reached ***** piety under Trog
  7132 | D:5      | Reached XP level 9. HP: 70/70 MP: 9/9
  7255 | D:5      | Got a polished mace
  7256 | D:5      | Identified the +3 mace of Batuehe {flame, *Noise rPois Str+2 SInv} (You found it on level 5 of the Dungeon)
  7294 | D:6      | Noticed Menkaure
  7301 | D:6      | Killed Menkaure
  7301 | D:6      | Reached skill level 12 in Axes
  7332 | D:6      | Noticed Pikel
  7367 | D:6      | Killed Pikel
  7367 | D:6      | Reached skill level 4 in Fighting
  7367 | D:6      | Reached skill level 3 in Dodging
  7922 | D:6      | Reached skill level 5 in Fighting
  7922 | D:6      | Reached skill level 4 in Dodging
  8693 | D:7      | Found a staircase to the Ecumenical Temple.
  8958 | D:7      | Received a gift from Trog
  8959 | D:7      | Found a shimmering altar of Xom.
  9352 | D:7      | Reached skill level 13 in Axes
  9358 | D:7      | Reached XP level 10. HP: 83/83 MP: 10/10
  9774 | D:7      | Reached skill level 1 in Shields
 10416 | D:8      | Reached skill level 2 in Shields
 10459 | D:8      | Reached skill level 6 in Fighting
 10531 | D:8      | Reached skill level 5 in Dodging
 10622 | D:8      | Found a glowing silver altar of Zin.
 10694 | D:8      | Found a hazy altar of Hepliaklqana.
 10694 | D:8      | Found an iron altar of Okawaru.
 10696 | D:8      | Found a deep blue altar of Sif Muna.
 10732 | D:8      | Found a basalt altar of Yredelemnul.
 10738 | D:8      | Noticed a two-headed ogre
 10745 | D:8      | Killed a two-headed ogre
 10745 | D:8      | Reached skill level 3 in Shields
 11515 | D:9      | Noticed a two-headed ogre
 11521 | D:9      | Killed a two-headed ogre
 11521 | D:9      | Reached skill level 4 in Shields
 11537 | D:9      | Noticed a deep elf mage
 11557 | D:9      | Killed a deep elf mage
 11872 | D:9      | Noticed a deep elf mage
 11879 | D:9      | Killed a deep elf mage
 11879 | D:9      | Reached skill level 7 in Fighting
 12190 | D:10     | Entered Level 10 of the Dungeon
 12225 | D:10     | Noticed a two-headed ogre
 12235 | D:10     | Killed a two-headed ogre
 12235 | D:10     | Reached skill level 5 in Shields
 12235 | D:10     | Reached XP level 11. HP: 74/92 MP: 3/11
 12391 | D:10     | Reached skill level 14 in Axes
 12471 | D:10     | Reached skill level 6 in Dodging
 12651 | D:10     | Found a staircase to the Lair.
 12691 | D:10     | Reached skill level 6 in Shields
 12693 | D:10     | HP: 21/92 [something (3)]
 12696 | D:10     | HP: 9/92 [something (6)]
 12700 | D:10     | Killed an unseen horror
 12705 | D:10     | HP: 19/92 [something (3)]
 12713 | D:10     | HP: 19/92 [something (9)]
 12718 | D:10     | HP: 17/92 [something (5)]
 12723 | D:10     | HP: 13/92 [something (5)]
 12737 | D:10     | Killed an unseen horror
 12737 | D:10     | Received a gift from Trog
 13231 | D:10     | Found a shimmering altar of Xom.
 13500 | Lair:1   | Entered Level 1 of the Lair of Beasts
 14025 | Lair:1   | Reached skill level 8 in Fighting
 14025 | Lair:1   | Reached skill level 7 in Shields
 14302 | Lair:1   | Noticed Grum
 14324 | Lair:1   | Killed Grum
 14957 | Lair:2   | Received a gift from Trog
 14957 | Lair:2   | Reached skill level 7 in Dodging
 14973 | Lair:2   | Reached XP level 12. HP: 92/103 MP: 4/12
 15129 | Lair:2   | Reached skill level 15 in Axes
 15129 | Lair:2   | Reached skill level 8 in Shields
 15502 | Lair:2   | Noticed an eight-headed hydra
 15516 | Lair:2   | HP: 34/154 [14-headed hydra (7)]
 15518 | Lair:2   | Killed a 14-headed hydra
 16415 | Lair:3   | Found a dark tunnel.
 16420 | Volcano  | Entered a volcano
 16499 | Volcano  | Reached skill level 9 in Shields
 16587 | Volcano  | HP: 34/154 [gargoyle/stone arrow (17)]
 16588 | Volcano  | Reached skill level 9 in Fighting
 16593 | Volcano  | HP: 12/156 [gargoyle/stone arrow (7)]
 16601 | Volcano  | HP: 8/104 [anaconda skeleton (2)]
 16606 | Volcano  | HP: 14/104 [anaconda skeleton (1)]
 17238 | Volcano  | Reached skill level 8 in Dodging
 17516 | Lair:3   | Found a hole to the Spider Nest.
 17688 | Lair:3   | Reached XP level 13. HP: 111/111 MP: 4/13
 18072 | Lair:3   | Received a gift from Trog
 18413 | Lair:4   | Reached skill level 10 in Shields
 18417 | Lair:4   | Reached skill level 16 in Axes
 19026 | Lair:4   | Found a staircase to the Swamp.
 19201 | Lair:4   | Identified a scroll of acquirement
 19216 | Lair:4   | Gained mutation: Your tail ends in a poisonous barb. [potion of beneficial mutation]
 19551 | Lair:4   | Reached skill level 10 in Fighting
 20076 | Lair:5   | Noticed Urug
 20097 | Lair:5   | Killed Urug
 20397 | Lair:5   | HP: 36/171 [ten-headed hydra (16)]
 20959 | Lair:5   | Reached skill level 9 in Dodging
 21032 | Lair:5   | Found a runed door.
 21067 | Lair:5   | HP: 22/114 [ten-headed hydra (10)]
 21069 | Lair:5   | HP: 10/114 [ten-headed hydra (3)]
 21083 | Lair:5   | HP: 10/114 [yak (12)]
 21378 | Lair:5   | HP: 41/171 [18-headed hydra (7)]
 22407 | Lair:6   | Entered Level 6 of the Lair of Beasts
 22442 | Lair:6   | Reached skill level 17 in Axes
 22443 | Lair:6   | Reached XP level 14. HP: 122/122 MP: 14/14
 22500 | Lair:6   | Reached skill level 11 in Fighting
 22615 | Lair:6   | Received a gift from Trog
 22978 | Lair:6   | Reached skill level 10 in Dodging
 23937 | Lair:6   | Reached skill level 12 in Fighting
 23986 | Lair:6   | Found a staircase to the Slime Pits.
 24271 | Lair:6   | Received a gift from Trog
 24832 | D:11     | Noticed Harold
 24853 | D:11     | Killed Harold
 24853 | D:11     | Reached skill level 18 in Axes
 25777 | D:12     | Noticed Voxish's ghost (journeyman GrGl)
 25806 | D:12     | Killed Voxish's ghost
 26231 | D:12     | Found a staircase to the Orcish Mines.
 26356 | D:12     | Found Tesenwob's Magic Scroll Shoppe.
 26374 | D:12     | Bought a scroll of teleportation for 42 gold pieces
 26374 | D:12     | Bought a scroll of enchant weapon for 105 gold pieces
 26374 | D:12     | Bought a scroll of blinking for 105 gold pieces
 26374 | D:12     | Bought a scroll of teleportation for 42 gold pieces
 26374 | D:12     | Bought 3 scrolls of enchant weapon for 315 gold pieces
 26374 | D:12     | Bought a scroll of identify for 28 gold pieces
 27051 | D:12     | Reached XP level 15. HP: 134/134 MP: 15/15
 27126 | Orc:1    | Entered Level 1 of the Orcish Mines
 27127 | Orc:1    | Received a gift from Trog
 27388 | Orc:1    | Reached skill level 11 in Dodging
 27678 | Orc:2    | Entered Level 2 of the Orcish Mines
 27685 | Orc:2    | Found a frozen archway.
 27690 | IceCv    | Entered an ice cave
 27692 | IceCv    | Noticed kroki's ghost (novice DrBe)
 27705 | IceCv    | Killed kroki's ghost
 27866 | Orc:2    | Found a staircase to the Elven Halls.
 28025 | Orc:2    | Found a labyrinth entrance.
 28034 | Lab      | Entered a labyrinth
 28417 | Orc:2    | Noticed an orc warlord
 28434 | Orc:2    | Killed an orc warlord
 28642 | Orc:2    | Received a gift from Trog
 28652 | Orc:2    | Found Riel Fiad's Antique Armour Shoppe.
 28652 | Orc:2    | Found Poum's Antique Armour Boutique.
 28655 | Orc:2    | Found Vynomew's Antique Armour Shop.
 28659 | Orc:2    | Found Dekhat's Gadget Emporium.
 29648 | Orc:2    | Bought a runed hat for 220 gold pieces
 29663 | Orc:2    | Bought an embroidered hat for 360 gold pieces
 30012 | D:13     | Reached skill level 13 in Fighting
 30258 | D:13     | Reached skill level 19 in Axes
 30881 | D:14     | Reached ****** piety under Trog
 31046 | D:14     | Received a gift from Trog
 31056 | D:14     | Noticed Josephine
 31062 | D:14     | Killed Josephine
 31271 | D:14     | Found Astey's Antique Weapon Shoppe.
 31394 | D:14     | HP: 46/204 [white ugly thing (13)]
 31634 | D:14     | Found a gate to the Vaults.
 31887 | D:14     | Found a sparkling altar of Nemelex Xobeh.
 32144 | D:15     | Entered Level 15 of the Dungeon
 32501 | D:15     | Reached XP level 16. HP: 134/144 MP: 16/16
 32620 | D:15     | Found a portal to a secret trove of treasure.
 32656 | D:15     | You paid a toll of 4 potions of resistance to enter a treasure trove
 32657 | Trove    | Entered a treasure trove
 32714 | Trove    | Got a coiled turquoise ring
 32717 | Trove    | Got a brightly glowing wooden ring
 32731 | Trove    | Identified the ring "Tuomewadu" {rPois rC+ MR+ EV+3} (You found it in a treasure trove)
 32733 | Trove    | Identified the ring "Doqiehec" {-Tele rPois Str+6 Int+4} (You found it in a treasure trove)
 32873 | Trove    | Got a shimmering bone ring
 33367 | D:15     | Identified the ring of Fymal {rF+ Int-3 Dex+4 SInv} (You found it in a treasure trove)
 33431 | D:15     | Reached skill level 12 in Dodging
 33438 | D:15     | Received a gift from Trog
 33578 | D:15     | Found a staircase to the Depths.
 33840 | Swamp:1  | Entered Level 1 of the Swamp
 33845 | Swamp:1  | Noticed a thorn hunter
 33861 | Swamp:1  | Killed a thorn hunter
 34173 | Swamp:1  | Reached skill level 14 in Fighting
 34482 | Swamp:1  | Noticed Frances
 34492 | Swamp:1  | Killed Frances
 34630 | Swamp:1  | Received a gift from Trog
 34630 | Swamp:1  | Reached skill level 20 in Axes
 35495 | Swamp:2  | Received a gift from Trog
 35890 | Swamp:2  | Noticed Louise
 35916 | Swamp:2  | Killed Louise
 36148 | Swamp:2  | Reached skill level 13 in Dodging
 36518 | Swamp:3  | Reached skill level 15 in Fighting
 37011 | Swamp:3  | Got a bloodstained hat
 37012 | Swamp:3  | Identified the +1 hat of Feah {rPois rC+ MR+} (You acquired it on level 3 of the Swamp)
 37636 | Swamp:4  | Entered Level 4 of the Swamp
 37726 | Swamp:4  | HP: 37/149 [ghost crab (10)]
 37728 | Swamp:4  | Reached XP level 17. HP: 54/156 MP: 17/17
 38037 | Swamp:4  | Received a gift from Trog
 38133 | Swamp:4  | Got a crystal executioner's axe {god gift}
 38134 | Swamp:4  | Identified the +7 executioner's axe of Supply {drain, rN+} (Trog gifted it to you on level 4 of the Swamp)
 38317 | Swamp:4  | Got a spiked shield
 38376 | Swamp:4  | Identified the +0 shield of Vann {rElec rC+++ Int-4 Stlth+} (You found it on level 4 of the Swamp)
 38545 | Swamp:4  | Noticed the 27-headed Lernaean hydra
 38550 | Swamp:4  | Reached skill level 14 in Dodging
 38555 | Swamp:4  | HP: 34/158 [the 26-headed Lernaean hydra (6)]
 38561 | Swamp:4  | HP: 28/158 [the 26-headed Lernaean hydra (14)]
 38562 | Swamp:4  | HP: 2/158 [the 26-headed Lernaean hydra (13)]
 38562 | Swamp:4  | Slain by the 26-headed Lernaean hydra

Vault maps used:
D:1:      erik_arrival_triangle_large, minmay_box_of_dots
D:2:      dancing_weapons_uskayaw, lemuel_doored_altar,
          kennysheep_generic_room_13
D:3:      overflow_temple_1_default, first_bread, uniq_grinder, uniq_terence
D:4:      lemuel_upstairs_altar, grunt_temple_overflow_open,
          portal_sewer_entry_e, okawaru_altar_gauntlet_db, uniq_duvessa
D:5:      nicolae_overflow_crystal_walls, nicolae_ossuary_entry_catacombs
D:6:      fountainhead, uniq_pikel, uniq_menkaure
D:7:      minmay_temple_entry_butterflies, basic_altar
D:8:      kennysheep_mini_moat, zin_scriptorium, gammafunk_temple_overflow_claw,
          hangedman_little_slice_of_home
D:9:      hangedman_weighted_door, guppyfry_early_elven_hall
D:10:     due_lair_maze_entry_diamond, basic_altar
D:11:     serial_bayou, serial_bayou_pond_c, serial_bayou_shore_b,
          serial_bayou_pond_e, serial_bayou_pond_e, uniq_harold
D:12:     kennysheep_orc_monster_closet_entryway, serial_shops,
          nicolae_shop_temple_entry_statues_fountains
D:13:     due_unseen_surprise
D:14:     lightli_vaults_fourway_checkpoint, minmay_tree_intersection,
          serial_shops, shop, nemelex_altar_shiori, uniq_josephine
D:15:     gammafunk_enter_depths_forms, enter_trove_2, minmay_misc_feat_rows
Lair:1:   uniq_grum
Lair:2:   wad_woods_03
Lair:3:   spider_nest_entry_web_field, nicolae_volcano_entry_s_turn
Lair:4:   swamp_mist_pool, infiniplex_staircase_pool_2, grunt_megastairs_2,
          serial_bayou_shore_a
Lair:5:   gammafunk_lair_enchanted_lake, st_stairs_6, uniq_urug
Lair:6:   gammafunk_lair_ancient_temple, minmay_slime_entry_jelly_boxes
Swamp:1:  nicolae_swamp_very_dense_foliage, swamp_pool4, uniq_frances
Swamp:2:  evilmike_swamp_ruin_house_4, uniq_louise
Swamp:3:  serial_swamp_ruin, evilmike_swamp_ruin_house_5,
          hangedman_swamp_ruin_wall, evilmike_swamp_ruin_house_1, swamp_pool2
Swamp:4:  swamp_alternative, nicolae_swamp_hydra_murder_den
Orc:2:    st_orc_rangers, lab_entry_generic, portal_ice_cave_entry_pillars_2,
          nicolae_orc_sculptors_studio, nooodl_orcs_dogs
Lab:      labyrinth_mini_lab, lab_statue
Trove:    trove_jewel_1
Sewer:    sewer_frog_island_02
Ossuary:  ossuary_tomb_3
IceCv:    ice_cave_statue_garden_chambered
Volcano:  volcano_tomb

Skill      XL: |  1  2  3  4  5  6  7  8  9 10 11 12 13 14 15 16 17 |
---------------+----------------------------------------------------+-----
Axes           | 4 5 7 8 9 11 13 14 15 17 18 19 20 | 20.1
Fighting       | 5 7 8 9 10 12 13 15 | 15.9
Dodging        | 4 5 7 8 9 10 11 13 14 | 14.0
Shields        | 5 7 9 10 | 10.5

Action                   |  1- 3 |  4- 6 |  7- 9 | 10-12 | 13-15 | 16-18 || total
-------------------------+-------+-------+-------+-------+-------+-------++-------
Melee: Hand axe          |   147 |   165 |   341 |       |       |       ||   653
       Tailslap          |    16 |    25 |    70 |   123 |   208 |   153 ||   595
       Mace              |       |       |    52 |       |       |       ||    52
       Battleaxe         |       |       |    35 |       |  1037 |   641 ||  1713
       Broad axe         |       |       |       |   586 |    87 |       ||   673
       Demon trident     |       |       |       |    12 |       |       ||    12
Throw: Javelin           |       |       |   161 |    93 |   333 |     5 ||   592
       Tomahawk          |       |       |     9 |    63 |   195 |       ||   267
Invok: Berserk           |       |     4 |     6 |     8 |    15 |     6 ||    39
       Trog's Hand       |       |     1 |       |     4 |     6 |     4 ||    15
       Brothers in Arms  |       |       |       |     1 |     6 |     1 ||     8
       Burn Spellbooks   |       |       |       |       |     4 |       ||     4
Evoke: Wand              |       |     5 |       |       |       |       ||     5
       Lightning rod     |       |       |       |       |     4 |     4 ||     8
  Use: Scroll            |     4 |    10 |     6 |     7 |    34 |     9 ||    70
       Potion            |       |       |       |     4 |     3 |     3 ||    10
 Stab: Distracted        |       |       |       |       |     3 |     2 ||     5
  Eat: Chunk             |     2 |    10 |    19 |    21 |    45 |     8 ||   105
       Royal jelly       |       |       |     1 |     3 |     6 |     2 ||    12
       Bread ration      |       |       |     1 |       |     3 |       ||     4
       Meat ration       |       |       |       |     2 |       |     5 ||     7
       Fruit             |       |       |       |       |     1 |       ||     1
Armor: Skin              |    46 |    50 |   177 |   261 |   530 |   415 ||  1479
Dodge: Dodged            |    88 |    88 |   270 |   302 |  1158 |  1209 ||  3115
Block: Shield            |       |       |       |   462 |    77 |       ||   539
       Reflection        |       |       |       |     3 |    12 |       ||    15
       Other             |       |       |       |       |   123 |       ||   123

Vault maps used:
D:1:      erik_arrival_triangle_large, minmay_box_of_dots
D:2:      dancing_weapons_uskayaw, lemuel_doored_altar,
          kennysheep_generic_room_13
D:3:      overflow_temple_1_default, first_bread, uniq_grinder, uniq_terence
D:4:      lemuel_upstairs_altar, grunt_temple_overflow_open,
          portal_sewer_entry_e, okawaru_altar_gauntlet_db, uniq_duvessa
D:5:      nicolae_overflow_crystal_walls, nicolae_ossuary_entry_catacombs
D:6:      fountainhead, uniq_pikel, uniq_menkaure
D:7:      minmay_temple_entry_butterflies, basic_altar
D:8:      kennysheep_mini_moat, zin_scriptorium, gammafunk_temple_overflow_claw,
          hangedman_little_slice_of_home
D:9:      hangedman_weighted_door, guppyfry_early_elven_hall
D:10:     due_lair_maze_entry_diamond, basic_altar
D:11:     serial_bayou, serial_bayou_pond_c, serial_bayou_shore_b,
          serial_bayou_pond_e, serial_bayou_pond_e, uniq_harold
D:12:     kennysheep_orc_monster_closet_entryway, serial_shops,
          nicolae_shop_temple_entry_statues_fountains
D:13:     due_unseen_surprise
D:14:     lightli_vaults_fourway_checkpoint, minmay_tree_intersection,
          serial_shops, shop, nemelex_altar_shiori, uniq_josephine
D:15:     gammafunk_enter_depths_forms, enter_trove_2, minmay_misc_feat_rows
Lair:1:   uniq_grum
Lair:2:   wad_woods_03
Lair:3:   spider_nest_entry_web_field, nicolae_volcano_entry_s_turn
Lair:4:   swamp_mist_pool, infiniplex_staircase_pool_2, grunt_megastairs_2,
          serial_bayou_shore_a
Lair:5:   gammafunk_lair_enchanted_lake, st_stairs_6, uniq_urug
Lair:6:   gammafunk_lair_ancient_temple, minmay_slime_entry_jelly_boxes
Swamp:1:  nicolae_swamp_very_dense_foliage, swamp_pool4, uniq_frances
Swamp:2:  evilmike_swamp_ruin_house_4, uniq_louise
Swamp:3:  serial_swamp_ruin, evilmike_swamp_ruin_house_5,
          hangedman_swamp_ruin_wall, evilmike_swamp_ruin_house_1, swamp_pool2
Swamp:4:  swamp_alternative, nicolae_swamp_hydra_murder_den
Orc:2:    st_orc_rangers, lab_entry_generic, portal_ice_cave_entry_pillars_2,
          nicolae_orc_sculptors_studio, nooodl_orcs_dogs
Lab:      labyrinth_mini_lab, lab_statue
Trove:    trove_jewel_1
Sewer:    sewer_frog_island_02
Ossuary:  ossuary_tomb_3
IceCv:    ice_cave_statue_garden_chambered
Volcano:  volcano_tomb

Table legend:
 A = Turns spent in this place as a percentage of turns spent in the entire game.
 B = Non-inter-level travel turns spent in this place as a percentage of non-inter-level travel turns spent in the entire game.
 C = Inter-level travel turns spent in this place as a percentage of turns spent in this place.
 D = Turns resting spent in this place as a percentage of non-inter-level travel turns spent in this place.
 E = Turns spent auto-exploring this place as a percentage of non-inter-level travel turns spent in this place.
 F = Non-inter-level travel turns spent in this place divided by the number of levels of this place that you've seen.
                   A       B       C       D       E      F
               +-------+-------+-------+-------+-------+----------------------
         Total | 100.0 | 100.0 |   0.3 |   0.7 |  10.5 | 553.9
       Dungeon |  44.7 |  44.7 |   0.3 |   0.4 |  11.9 | 544.4
          Lair |  22.9 |  22.9 |   0.3 |   0.9 |  10.2 | 699.2
         Swamp |  15.3 |  15.3 |   0.1 |   0.5 |   8.3 | 701.2
  Orcish Mines |   7.8 |   7.7 |   0.4 |   0.2 |  14.1 | 707.5
     Labyrinth |   1.8 |   1.8 |   0.0 |   0.6 |   0.0 | 331.0
         Trove |   0.3 |   0.3 |   0.0 |   0.0 |  16.4 |  61.0
         Sewer |   3.0 |   3.0 |   0.0 |   0.0 |   8.1 | 545.0
       Ossuary |   1.5 |   1.5 |   0.0 |   0.0 |  11.5 | 278.0
      Ice Cave |   0.7 |   0.7 |   0.0 |   0.0 |   0.0 | 127.0
       Volcano |   1.9 |   2.0 |   0.0 |   7.6 |   3.9 | 357.0
               +-------+-------+-------+-------+-------+----------------------

Table legend:
 A = Kills in this place as a percentage of kills in entire the game.
 B = Kills by you in this place as a percentage of kills by you in the entire game.
 C = Kills by friends in this place as a percentage of kills by friends in the entire game.
 D = Other kills in this place as a percentage of other kills in the entire game.
 E = Experience gained in this place as a percentage of experience gained in the entire game.
 F = Experience gained in this place divided by the number of levels of this place that you have seen.
                   A       B       C       D       E      F
               +-------+-------+-------+-------+-------+----------------------
         Total | 100.0 | 100.0 | 100.0 | 100.0 | 100.0 | 7233.6
       Dungeon |  43.5 |  44.7 |   8.0 |   0.0 |  26.5 | 4212.3
          Lair |  22.3 |  21.1 |  80.0 |   0.0 |  29.3 | 11666.3
         Swamp |  14.3 |  14.2 |  12.0 |  33.3 |  31.8 | 18976.0
  Orcish Mines |  11.1 |  10.9 |   0.0 |  66.7 |   7.1 | 8478.5
     Labyrinth |   0.1 |   0.1 |   0.0 |   0.0 |   0.5 | 1091.0
         Sewer |   4.4 |   4.6 |   0.0 |   0.0 |   0.1 | 334.0
       Ossuary |   1.4 |   1.5 |   0.0 |   0.0 |   0.1 | 152.0
      Ice Cave |   1.1 |   1.1 |   0.0 |   0.0 |   1.8 | 4255.0
       Volcano |   1.8 |   1.8 |   0.0 |   0.0 |   2.9 | 6833.0
               +-------+-------+-------+-------+-------+----------------------
